 Dungeon Crawl Stone Soup version 0.20-a0-1086-g4bd2f5b (webtiles) character file.

11752 4thArraOfDagon the Carver (level 11, -12/151 HPs)
             Began as a Hill Orc Enchanter on May 1, 2017.
             Was a High Priest of Wu Jian.
             Mangled by a komodo dragon (14 damage)
             ... on level 2 of the Lair of Beasts.
             The game lasted 01:03:01 (13633 turns).

4thArraOfDagon the Carver (Hill Orc Enchanter)     Turns: 13633, Time: 01:03:02

Health: -12/151    AC: 25    Str: 12    XL:     11   Next: 82%
Magic:  13/13      EV:  2    Int: 18    God:    Wu Jian [*****.]
Gold:   468        SH:  0    Dex: 11    Spells: 5/13 levels left

rFire    . . .     SeeInvis .   E - +1 scimitar (flame)
rCold    + . .     Gourm    .   (no shield)
rNeg     + + +     Faith    .   (armour currently unavailable)
rPois    +         Spirit   .   (helmet currently unavailable)
rElec    .         Reflect  .   (cloak currently unavailable)
rCorr    +         Harm     .   (gloves currently unavailable)
MR       .....     NoTele   +   (boots currently unavailable)
Stlth    ++........             (no amulet)
Regen    0.4/turn               k - ring of resist corrosion
MPRegen  0.2/turn               m - ring of protection from cold

@: tree-form
A: no striking features
a: Serpent's Lash, Heavenly Storm, Renounce Religion


You were on level 2 of the Lair of Beasts.
You worshipped Wu Jian.
Wu Jian was extremely pleased with you.
You were not hungry.
You were a tree.
You visited 3 branches of the dungeon, and saw 12 of its levels.
You also visited: Ossuary and Ice Cave.

You collected 754 gold pieces.
You spent 286 gold pieces at shops.

Inventory:

Hand Weapons
 a - a +1 dagger
 e - a +2 dire flail of protection
 f - a +0 short sword
 s - a +0 falchion
 t - a +0 great sword
 C - a +2 triple sword of holy wrath
 E - a +1 scimitar of flaming (weapon)
Armour
 b - a +0 robe
 o - a +0 ring mail
 r - a +0 pair of gloves
 v - a +0 helmet (melded)
 D - a +0 troll leather armour (melded)
 H - the +1 pair of gloves of Qioshiso (melded) {rF+ rC- rN+ Str+2}
   (You found it in an ice cave)

   It affects your strength (+2).
   It protects you from fire.
   It makes you vulnerable to cold.
   It protects you from negative energy.
 J - a +2 pair of gloves of archery
Jewellery
 k - a ring of resist corrosion (left branch)
 m - a ring of protection from cold (right branch)
 p - an uncursed ring of fire
 B - an uncursed ring of flight
 G - an uncursed ring of fire
Wands
 g - a wand of disintegration (8/24)
 h - a wand of digging (13/24)
 A - a wand of paralysis (10/24)
 F - a wand of confusion (24/48)
 M - a wand of digging (18/24)
 O - a wand of random effects (29/48)
Scrolls
 i - a scroll of fog
 q - a scroll of teleportation
 u - 3 scrolls of remove curse
 y - a scroll of holy word
 K - a scroll of recharging
 P - a scroll of summoning {unknown}
 Q - a scroll of noise {unknown}
Potions
 j - 3 potions of mutation
 l - a potion of curing
 n - a potion of might
 w - 3 potions of degeneration {unknown}
 z - 2 potions of resistance
Books
 c - a book of Maledictions

   Spells                             Type                      Level
   a - Corona                         Hexes                        1
   b - Ensorcelled Hibernation        Hexes/Ice                    2
   c - Confuse                        Hexes                        3
   d - Tukima's Dance                 Hexes                        3
   e - Dazzling Spray                 Conjuration/Hexes            3
Miscellaneous
 L - a crystal ball of energy
Comestibles
 d - 9 bread rations
 x - 2 meat rations
 N - a chunk of flesh


   Skills:
 + Level 10.6 Fighting
 - Level 3.0(8.6) Short Blades
 * Level 13.2(13.4) Long Blades
 + Level 9.3 Armour
 - Level 1.5 Dodging
 - Level 2.4 Stealth
 - Level 1.5 Spellcasting
 - Level 4.7 Hexes
 - Level 2.0 Ice Magic


You had 5 spell levels left.
You knew the following spells:

 Your Spells              Type           Power        Failure   Level  Hunger
a - Corona                Hex            ###....      2%          1    ##.....
b - Ensorcelled Hibernat  Hex/Ice        ##....       7%          2    ###....
c - Apportation           Tloc           #.....       19%         1    ##.....
d - Animate Skeleton      Necr           N/A          19%         1    ##.....
e - Confuse               Hex            ###.....     8%          3    ####...


Dungeon Overview and Level Annotations

Branches:
Dungeon (9/15)             Temple (1/1) D:7            Lair (2/6) D:8
  Swamp: Lair:2-4    Shoals: Lair:2-4     Snake: Lair:2-4    Spider: Lair:2-4
    Orc: D:9-12

Altars:
Dithmenos
Fedhas
Gozag
Kikubaaqudgha
Nemelex Xobeh
Qazlal
Ru
Sif Muna
Vehumet
Wu Jian
Xom

Shops:
D:5 :}   D:8 (

Annotations:
D:3 derval's ghost, amateur SpEn
D:5 Dowan
D:8 exclusion: oklob plant
D:9 Erolcha; Gastronok; HAL9000's ghost, novice GrBe; Joseph


Message History

Unknown command.
You turn into a tree.
Your +0 helmet melds into your body.
The +1 pair of gloves of Qioshiso {rF+ rC- rN+ Str+2} melds into your body.
Your +0 troll leather armour melds into your body.
Your roots penetrate the ground.
The komodo dragon bites you but does no damage.
Unknown command.
You hit the komodo dragon but do no damage.
The komodo dragon is severely wounded.
The komodo dragon bites you but does no damage.
Unknown command.
You slash the komodo dragon! You burn the komodo dragon.
The komodo dragon is almost dead.
The komodo dragon bites you!!
* * * LOW HITPOINT WARNING * * *
Unknown command.
You hit the komodo dragon but do no damage.
The komodo dragon is almost dead.
The komodo dragon bites you!
You die...

### ####.## ###.#P..#####
###### ##...........# ##....
#.#..........###....#
#............# #...#
#..........## #...#
#....♣.>....# ##..#
#...l......## #...#
##...........# #P.(# .
#...........## ##..# ...
#####..........## #..####
.)..#...............####......
#.....†............S.........
#.........................###
#...#.#...........##..#..##


You could see a komodo dragon and a water moccasin (wandering).

Vanquished Creatures
  Erica (D:8)
  Pikel (D:4)
  2 ice statues (IceCv)
  Psyche (D:8)
  9 ice devils (IceCv)
  3 trolls
  Grinder (D:6)
  2 hippogriffs
  A spriggan (D:8)
  4 yaks
  3 basilisks
  A hungry ghost (D:7)
  Grum (D:8)
  Edmund (D:4)
  3 water moccasins
  2 porcupines
  2 phantoms
  2 ice beasts (D:7)
  3 sky beasts
  2 black bears
  4 ogres
  3 wolves
  4 centaurs
  A big kobold (D:6)
  A gnoll sergeant (D:8)
  9 bullfrogs
  3 scorpions
  5 killer bees (D:8)
  A water moccasin skeleton (D:9)
  3 howler monkeys (D:7)
  5 wights
  2 bullfrog zombies
  2 crimson imps
  A centaur zombie (Ossuary)
  A human zombie (Ossuary)
  6 hounds
  2 orc priests (D:8)
  5 orc wizards
  3 iguanas
  4 worker ants
  4 big kobold zombies (Ossuary)
  3 mummies
  Robin (D:4)
  A howler monkey zombie (D:5)
  5 gnolls (D:8)
  9 adders
  A river rat (D:6)
  13 white imps
  9 ufetubi (IceCv)
  An ooze (D:2)
  2 adder skeletons
  A worm (D:6)
  4 dart slugs
  9 leopard geckos
  18 orcs
  4 giant cockroaches
  2 gnoll zombies (Ossuary)
  13 goblins
  11 hobgoblins
  16 jackals
  3 quokkas
  2 ball pythons
  3 bats
  5 frilled lizards
  2 goblin zombies (Ossuary)
  3 hobgoblin zombies (Ossuary)
  A jackal zombie (D:5)
  10 kobolds
  An orc zombie (Ossuary)
  A quokka skeleton (D:9)
  3 rats
271 creatures vanquished.

Vanquished Creatures (others)
  A reaper (IceCv)
  A slave (D:4)
  A bullfrog (D:6)
  An iguana (D:4)
  4 white imps (IceCv)
  5 ufetubi (IceCv)
  A quokka skeleton (D:4)
14 creatures vanquished.

Grand Total: 285 creatures vanquished

Notes
Turn   | Place    | Note
-------+----------+-------------------------------------------
     0 | D:1      | 4thArraOfDagon the Hill Orc Enchanter began the quest for the Orb.
     0 | D:1      | Reached XP level 1. HP: 14/14 MP: 3/3
   187 | D:1      | Reached XP level 2. HP: 15/20 MP: 1/4
   212 | D:1      | Learned a level 2 spell: Ensorcelled Hibernation
   509 | D:2      | Found an ancient bone altar of Kikubaaqudgha.
   512 | D:2      | Found a blossoming altar of Fedhas.
   515 | D:2      | Found an ornate altar of the Wu Jian Council.
   519 | D:2      | Became a worshipper of the Wu Jian Council
   520 | D:2      | LETS TRY
   641 | D:3      | Found a sparkling altar of Nemelex Xobeh.
   703 | D:3      | Reached XP level 3. HP: 26/26 MP: 2/5
  1198 | D:3      | Learned a level 1 spell: Apportation
  1200 | D:3      | Learned a level 1 spell: Animate Skeleton
  1205 | D:3      | Found a faded altar of an unknown god.
  1443 | D:3      | Reached skill level 1 in Ice Magic
  1446 | D:3      | Noticed derval's ghost (amateur SpEn)
  1579 | D:2      | Found a shadowy altar of Dithmenos.
  1768 | D:2      | Reached XP level 4. HP: 29/33 MP: 6/6
  2490 | D:4      | Found a sacrificial altar of Ru.
  2494 | D:4      | Noticed Robin
  2506 | D:4      | Reached * piety under Wu Jian
  2756 | D:4      | Killed Robin
  2756 | D:4      | Reached skill level 1 in Fighting
  2756 | D:4      | Reached skill level 1 in Long Blades
  2795 | D:4      | Noticed Edmund
  2967 | D:4      | Noticed a bullfrog
  2980 | D:4      | Killed a bullfrog
  2980 | D:4      | Reached skill level 2 in Long Blades
  2980 | D:4      | Reached skill level 1 in Armour
  2980 | D:4      | Reached XP level 5. HP: 16/41 MP: 1/7
  3363 | D:4      | Noticed a slave
  3365 | D:4      | Noticed Pikel
  3365 | D:4      | Noticed a slave
  3366 | D:4      | Noticed a slave
  3368 | D:4      | Noticed a slave
  3386 | D:4      | Killed Pikel
  3386 | D:4      | Reached skill level 4 in Long Blades
  3386 | D:4      | Reached XP level 6. HP: 21/51 MP: 8/8
  3386 | D:4      | Reached XP level 7. HP: 24/57 MP: 9/9
  3404 | D:4      | Killed Edmund
  3970 | D:4      | Found an opulent altar of Gozag.
  4062 | D:4      | Found a radiant altar of Vehumet.
  4062 | D:4      | Found a stormy altar of Qazlal.
  4167 | D:4      | Reached skill level 5 in Long Blades
  4270 | D:4      | Reached XP level 8. HP: 66/66 MP: 10/10
  4307 | D:5      | Entered Level 5 of the Dungeon
  4534 | D:5      | Found Rustrosch's Book Shop.
  4555 | D:5      | Noticed Dowan
  4655 | D:5      | Found Cuphefuab's Quality Used Wands.
  4709 | D:5      | Reached ** piety under Wu Jian
  4815 | D:6      | Reached skill level 6 in Long Blades
  4840 | D:6      | Found a sand-covered staircase.
  4850 | Ossuary  | Entered an ossuary
  5331 | Ossuary  | Reached skill level 5 in Fighting
  5792 | D:6      | Noticed Grinder
  5848 | D:6      | Found a blossoming altar of Fedhas.
  6013 | D:6      | Paralysed by Grinder for 3 turns
  6017 | D:6      | Killed Grinder
  6017 | D:6      | Reached skill level 7 in Long Blades
  6017 | D:6      | Reached XP level 9. HP: 35/74 MP: 11/11
  6265 | D:7      | Found a shadowy altar of Dithmenos.
  6290 | D:7      | 4thArraOfDagon: lags
  6296 | D:7      | 4thArraOfDagon: fu
  6397 | D:7      | Found a staircase to the Ecumenical Temple.
  6409 | D:7      | Reached skill level 5 in Armour
  6441 | D:7      | Reached skill level 8 in Long Blades
  6451 | D:7      | Found a shimmering altar of Xom.
  6504 | D:7      | Reached *** piety under Wu Jian
  7100 | D:8      | Found a sparkling altar of Nemelex Xobeh.
  7101 | D:8      | Noticed an oklob plant
  7328 | D:8      | Found Ciw Lub's Antique Weapon Shoppe.
  7333 | D:8      | Bought a runed triple sword for 286 gold pieces
  7663 | D:6      | Learned a level 3 spell: Confuse
  7761 | D:7      | Reached skill level 9 in Long Blades
  8129 | D:8      | Found a staircase to the Lair.
  8132 | D:8      | Noticed Psyche
  8203 | Temple   | Entered the Ecumenical Temple
  8465 | D:8      | Paralysed by Psyche for 6 turns
  8474 | D:8      | Found a radiant altar of Vehumet.
  8628 | D:7      | Reached XP level 10. HP: 75/86 MP: 12/12
  8689 | D:8      | Paralysed by Psyche for 5 turns
  8820 | D:8      | Killed Psyche
  8820 | D:8      | Reached skill level 10 in Long Blades
  8933 | D:9      | Noticed Erolcha
 10033 | D:8      | Noticed Grum
 10497 | D:7      | Reached skill level 11 in Long Blades
 10741 | D:8      | Killed Grum
 10837 | D:8      | Noticed Erica
 10853 | D:8      | Killed Erica
 10853 | D:8      | Reached **** piety under Wu Jian
 10996 | D:8      | HHMMM
 11050 | D:8      | Reached XP level 11. HP: 88/97 MP: 13/13
 11113 | D:9      | Noticed Joseph
 11328 | D:9      | Found a deep blue altar of Sif Muna.
 11369 | D:9      | Reached skill level 12 in Long Blades
 11408 | D:9      | Noticed HAL9000's ghost (novice GrBe)
 11422 | D:9      | Noticed Gastronok
 11838 | D:8      | HMM
 11860 | Lair:1   | Entered Level 1 of the Lair of Beasts
 12009 | Lair:1   | Found a frozen archway.
 12037 | IceCv    | Entered an ice cave
 12180 | IceCv    | Killed a reaper
 12301 | IceCv    | Reached skill level 10 in Fighting
 12566 | IceCv    | Got a pair of shimmering gloves
 12604 | IceCv    | Identified the +1 pair of gloves of Qioshiso {rF+ rC- rN+ Str+2} (You found it in an ice cave)
 12980 | IceCv    | Reached skill level 13 in Long Blades
 13083 | IceCv    | Reached ***** piety under Wu Jian
 13632 | Lair:2   | HP: 1/151 [komodo dragon (19)]
 13633 | Lair:2   | Mangled by a komodo dragon

Vault maps used:
D:1:      dpeg_arrival_line_fractal, serial_bayou_pond_e
D:2:      grunt_temple_overflow_diamond, nicolae_dithmenos_shadow_blocks
D:3:      overflow_temple_1_default, first_bread,
          chequers_ecumenical_altar_island
D:4:      nicolae_gozag_cash_rules_everything_around_me,
          nicolae_ru_awakened_eye, gammafunk_temple_overflow_wave, uniq_robin,
          uniq_edmund, uniq_pikel
D:5:      nicolae_overflow_crystal_walls, serial_shops, kennysheep_mini_moat,
          nicolae_for_you_no_charge, uniq_duvessa
D:6:      gup_ossuary_entry_pyramid, gup_sewer_entry_spiral, basic_altar,
          uniq_grinder
D:7:      old_standard_altar, lemuel_coloured_pillars_altar,
          minmay_temple_entry_large_hall
D:8:      david_lair_generic, serial_shops, kennysheep_little_box, basic_altar,
          the_bakery, lemuel_oklob_altar, uniq_grum, uniq_psyche, uniq_erica
D:9:      minmay_flawed_box, marbit_many_paths, uniq_gastronok, uniq_erolcha,
          uniq_joseph
Temple:   jpeg_temple_alley_garden
Lair:1:   portal_ice_cave_entry_imps
Ossuary:  minmay_ossuary_gauntlet
IceCv:    ice_cave_small_demon

Skill      XL: |  1  2  3  4  5  6  7  8  9 10 11 |
---------------+----------------------------------+-----
Short Blades   | 2 3 |  3.0
Ice Magic      | 1 2 |  2.0
Fighting       | 1 3 5 7 9 10 | 10.6
Long Blades    | 2 4 5 7 9 11 13 | 13.2
Armour         | 1 2 3 4 6 8 9 |  9.3
Hexes          | 4 |  4.7
Dodging        | |  1.5
Stealth        | |  2.4
Spellcasting   | |  1.5

Action                   |  1- 3 |  4- 6 |  7- 9 | 10-12 || total
-------------------------+-------+-------+-------+-------++-------
Melee: Dagger            |    71 |    80 |    65 |     5 ||   221
       Short sword       |    46 |       |       |       ||    46
       Falchion          |       |    54 |    11 |       ||    65
       Great sword       |       |    21 |   338 |       ||   359
       Triple sword      |       |       |    23 |   151 ||   174
       Scimitar          |       |       |       |   423 ||   423
 Cast: Corona            |    13 |       |       |       ||    13
       Ensorcelled Hiber |     8 |    10 |    40 |     5 ||    63
       Confuse           |       |       |     2 |     8 ||    10
Evoke: Wand              |       |       |     2 |     1 ||     3
  Use: Scroll            |     7 |     3 |     6 |     3 ||    19
       Potion            |       |     4 |     4 |     2 ||    10
 Stab: Sleeping          |     7 |     5 |    14 |     4 ||    30
       Distracted        |       |       |     2 |       ||     2
       Paralysed         |       |       |       |     5 ||     5
       Confused          |       |       |       |     2 ||     2
  Eat: Chunk             |     4 |     6 |     9 |     5 ||    24
       Royal jelly       |       |       |     6 |       ||     6
       Fruit             |       |       |     3 |       ||     3
       Meat ration       |       |       |     1 |     2 ||     3
Armor: Robe              |     6 |       |       |       ||     6
       Ring mail         |    28 |    60 |   206 |    70 ||   364
       Skin              |       |    15 |     9 |     2 ||    26
       Troll leather arm |       |       |       |   129 ||   129
Dodge: Dodged            |    53 |   113 |   244 |   260 ||   670
       Rpst.: Falchion   |       |    11 |     1 |       ||    12
       Great sword       |       |     6 |    77 |       ||    83
       Triple sword      |       |       |     3 |    28 ||    31
       Scimitar          |       |       |       |    36 ||    36
